 Dungeon Crawl Stone Soup version 0.28.0-53-g5a82cb258f (webtiles) character file.

Game seed: 9349359758733803602

10672 PentaManta the Grappler (level 11, -13/107 HPs)
             Began as a Ghoul Warper on June 16, 2022.
             Was an Elder of Okawaru.
             Mangled by a death yak (14 damage)
             ... on level 2 of the Lair of Beasts.
             The game lasted 00:23:28 (14135 turns).

PentaManta the Grappler (Ghoul Warper)             Turns: 14135, Time: 00:23:29

Health: -13/107    AC: 16    Str: 15    XL:     11   Next: 65%
Magic:  0/13       EV: 10    Int: 14    God:    Okawaru [****..]
Gold:   312        SH:  0    Dex:  8    Spells: 4/14 levels left

rFire   . . .      SeeInvis +     - Unarmed
rCold   + + +      Faith    .   (no shield)
rNeg    + + +      Spirit   +   t - +1 ring mail of Cupagub {rC++ Str-3 Int+4 SInv}
rPois   ∞          Reflect  .   L - +2 helmet
rElec   .          Harm     .   N - +0 cloak
rCorr   .          Rampage  .   (no gloves)
Will    .....                   a - +1 pair of boots
Stlth   ..........              p - amulet of guardian spirit
HPRegen 0.00/turn               K - ring of see invisible
MPRegen 0.13/turn               l - +4 ring of protection

@: finesse-ful, inhibited regen, studying Armour
A: claws 1, cold resistance 1, negative energy resistance 3, inhibited
regeneration, torment resistance 2
a: Renounce Religion, Heroism, Finesse


You were on level 2 of the Lair of Beasts.
You worshipped Okawaru.
Okawaru was greatly pleased with you.
You visited 3 branches of the dungeon, and saw 13 of its levels.
You also visited: Ossuary.

You collected 1978 gold pieces.
You spent 1666 gold pieces at shops.

Inventory:

Hand Weapons
 m - the +8 woodcutter's axe {vorpal}
   (You found it on level 2 of the Dungeon)

   It inflicts extra damage upon your enemies.
Missiles
 c - 5 boomerangs of dispersal
 n - 5 throwing nets
 o - a boomerang
 x - a curare-tipped dart
Armour
 a - a +1 pair of boots (worn)
 k - a +0 pair of gloves
 q - an orb of energy
 t - the +1 ring mail of Cupagub (worn) {rC++ Str-3 Int+4 SInv}
   (You bought it in a shop on level 7 of the Dungeon)

   Str:       It affects your strength (-3).
   Int:       It affects your intelligence (+4).
   rC:        It greatly protects you from cold.
   SInv:      It lets you see invisible.
 w - a +2 robe of positive energy
 L - a +2 helmet (worn)
 N - a +0 cloak (worn)
 Q - a +2 chain mail of willpower
Jewellery
 l - a +4 ring of protection (right claw)
 p - an amulet of guardian spirit (around neck)
 z - a ring of wizardry
 J - an amulet of magic regeneration
 K - a ring of see invisible (left claw)
 S - a +6 ring of intelligence
Wands
 y - a wand of digging (15)
 E - a wand of mindburst (7)
 F - a wand of acid (5)
 H - a wand of polymorph (10)
Scrolls
 b - a scroll of blinking
 e - a scroll of amnesia
 f - 3 scrolls of torment
 s - 5 scrolls of fear
 u - 2 scrolls of teleportation
 v - 2 scrolls of enchant weapon
 B - 3 scrolls of brand weapon
 C - 3 scrolls of vulnerability {unknown}
 D - 2 scrolls of immolation {unknown}
 G - a scroll of enchant armour {unknown}
 I - 2 scrolls of fog {unknown}
 P - a scroll of identify
 R - a scroll of magic mapping
Potions
 d - a potion of attraction
 g - 2 potions of might
 h - 2 potions of brilliance
 i - 5 potions of degeneration
 j - 2 potions of invisibility
 r - a potion of heal wounds
 A - a potion of lignification
 M - a potion of mutation
 O - a potion of haste


   Skills:
 + Level 13.3 Fighting
 - Level 0.8 Throwing
 - Level 0.8 Armour
 - Level 1.7 Dodging
 + Level 14.4 Unarmed Combat
 - Level 2.2 Spellcasting
 - Level 3.2 Translocations


You had 4 spell levels left.
You knew the following spells:

 Your Spells              Type           Power      Damage    Failure   Level
a - Blink                 Tloc           20%        N/A       19%         2
b - Teleport Other        Tloc           10%        N/A       36%         3
c - Manifold Assault      Tloc           10%        N/A       98%         5

Your spell library contained the following spells:

 Spells                   Type           Power      Damage    Failure   Level
 Gell's Gravitas          Tloc           10%        N/A       36%         3
 Lesser Beckoning         Tloc           10%        N/A       36%         3
 Freeze                   Ice            4%         1d3       43%         1
 Conjure Flame            Conj/Fire      1%         6-21      80%         3
 Frozen Ramparts          Ice            2%         1d2       80%         3
 Ignite Poison            Fire/Tmut/Pois 1%         N/A       80%         3
 Hailstorm                Conj/Ice       1%         3d3       99%         4
 Sticky Flame             Conj/Fire      1%         2d3       99%         4


Dungeon Overview and Level Annotations

Branches:
Dungeon (10/15)            Temple (1/1) D:6            Lair (2/6) D:8
    Orc (0/2) D:9         Ossuary (visited)
  Swamp: Lair:2-4    Shoals: Lair:2-4     Snake: Lair:2-4    Spider: Lair:2-4

Altars:
Ashenzari
Cheibriados
Dithmenos
Elyvilon
Fedhas
Gozag
Hepliaklqana
Kikubaaqudgha
Makhleb
Nemelex Xobeh
Okawaru
Qazlal
Ru
Sif Muna
Trog
Uskayaw
Vehumet
Wu Jian
Xom
Yredelemnul
Zin
The Shining One

Shops:
D:7 [([(   D:8 :


Innate Abilities, Weirdness & Mutations

You thrive by killing the living.
You are immune to poison.
You have sharp fingernails.
Your flesh is cold resistant. (rC+)
You are immune to negative energy. (rN+++)
You do not regenerate when monsters are visible.
You are immune to unholy pain and torment.


Message History

You mangle the death yak!! Your claw misses the death yak.
The death yak is almost dead.
You claw the death yak!
You kill the death yak!
Okawaru accepts your kill.
You swing at nothing.
You claw the death yak!
The death yak is severely wounded.
You scratch the death yak but do no damage.
The death yak is severely wounded.
You scratch the death yak. You claw the death yak.
The death yak is severely wounded.
The death yak gores you!!
* * * LOW HITPOINT WARNING * * *
You mangle the death yak!!
You kill the death yak!
Okawaru is honoured by your kill.
You mangle the death yak!!
The death yak is moderately wounded.
You scratch the death yak.
The death yak is moderately wounded.
You scratch the death yak.
The death yak is moderately wounded.
The death yak gores you but does no damage.
You barely miss the death yak.
You claw the death yak, but do no damage.
The death yak is moderately wounded.
You claw the death yak! Your claw misses the death yak.
The death yak is heavily wounded.
The death yak gores you!
* * * LOW HITPOINT WARNING * * *
Unknown command.
You claw the death yak!
The death yak is severely wounded.
You scratch the death yak.
The death yak is severely wounded.
You scratch the death yak.
The death yak is severely wounded.
The death yak gores you!
You die...

### #.# ### #.. #.## ##.#
#..## #..# ##### P...#
####.# ##.#P#### #[.###
##....###P.#..#P####.#..###.
..#.#...........@YY.........
.......#...P##P###Y....#P###
#####.########## ####.## #
#..P# .# # ##..# Y# #... Y#
#.... .. ...## .Y


You could see 3 death yaks.

Vanquished Creatures
  A hydra (Lair:2)
  A catoblepas (Lair:1)
  2 death yaks (Lair:2)
  Maurice (D:8)
  A cane toad (Lair:2)
  A komodo dragon (Lair:1)
  A troll (D:9)
  5 blink frogs (Lair:2)
  3 wraiths
  8 yaks
  A basilisk (Lair:1)
  2 steam dragons
  4 water moccasins
  3 orc warriors
  5 ice beasts
  4 ogres
  2 sky beasts (D:6)
  An elf zombie (D:6)
  A kobold brigand (D:9)
  4 bullfrogs
  2 elf skeletons (D:6)
  A gnoll sergeant (D:2)
  A scorpion (D:6)
  2 water moccasin zombies
  A water moccasin skeleton (D:6)
  8 killer bees (D:9)
  11 wights
  A howler monkey (D:4)
  A bullfrog zombie (D:5)
  3 orc priests
  A hound (D:6)
  3 jellies
  A centaur skeleton (D:7)
  2 gnoll shamans
  A human zombie (D:6)
  4 orc wizards
  7 iguanas
  Robin (D:3)
  20 gnolls
  A howler monkey skeleton (D:5)
  6 adders
  2 shadow imps
  A white imp (D:5)
  2 adder zombies (Ossuary)
  4 worms
  4 dart slugs
  14 orcs
  7 bats
  3 endoplasms (D:1)
  7 giant cockroaches
  10 goblins
  9 hobgoblins
  3 jackals (D:2)
  11 quokkas
  5 ball pythons
  2 frilled lizards
  13 kobolds
  2 kobold zombies (Ossuary)
  3 orc skeletons
  An orc zombie (D:6)
  4 rats
236 creatures vanquished.

Vanquished Creatures (others)
  A bush (Lair:2)
  A demonic plant (D:1)
  2 fungi (Lair:2)
  21 plants
25 creatures vanquished.

Grand Total: 261 creatures vanquished

Notes
Turn   | Place    | Note
-------+----------+-------------------------------------------
     0 | D:1      | PentaManta the Ghoul Warper began the quest for the Orb.
     0 | D:1      | Reached XP level 1. HP: 17/17 MP: 2/2
   280 | D:1      | Reached XP level 2. HP: 24/24 MP: 3/3
   456 | D:1      | Learned a level 2 spell: Blink
   520 | D:1      | Found a faded altar of an unknown god.
   542 | D:1      | Reached skill level 3 in Unarmed Combat
   788 | D:1      | Reached XP level 3. HP: 27/29 MP: 5/5
  1073 | D:2      | Reached skill level 4 in Unarmed Combat
  1073 | D:2      | Reached XP level 4. HP: 21/36 MP: 6/6
  1225 | D:2      | Noticed a gnoll sergeant
  1971 | D:2      | Reached skill level 5 in Unarmed Combat
  2203 | D:2      | Reached XP level 5. HP: 41/41 MP: 7/7
  2378 | D:2      | Found the +8 woodcutter's axe {vorpal}
  2700 | D:2      | Reached skill level 6 in Unarmed Combat
  2704 | D:2      | Learned a level 3 spell: Teleport Other
  2850 | D:3      | Found an opulent altar of Gozag.
  3008 | D:3      | Noticed Robin
  3017 | D:3      | Killed Robin
  3018 | D:3      | Reached XP level 6. HP: 48/48 MP: 8/8
  3552 | D:4      | Noticed a yak
  3553 | D:4      | Noticed a yak
  3553 | D:4      | Noticed a yak
  3583 | D:4      | Reached XP level 7. HP: 11/57 MP: 9/9
  3821 | D:4      | Noticed a yak
  3837 | D:4      | Killed a yak
  3838 | D:4      | Reached skill level 7 in Unarmed Combat
  3845 | D:4      | Killed a yak
  3846 | D:4      | Reached skill level 5 in Fighting
  3857 | D:4      | Killed a yak
  3858 | D:4      | Reached skill level 8 in Unarmed Combat
  3858 | D:4      | Reached XP level 8. HP: 29/69 MP: 10/10
  3858 | D:4      | Noticed a yak
  3864 | D:4      | Killed a yak
  3870 | D:4      | Killed a yak
  4776 | D:5      | Entered Level 5 of the Dungeon
  4928 | D:5      | Reached skill level 9 in Unarmed Combat
  5459 | D:5      | Reached XP level 9. HP: 64/79 MP: 11/11
  6074 | D:6      | Reached skill level 10 in Unarmed Combat
  6139 | D:6      | Found a sand-covered staircase.
  6144 | Ossuary  | Entered an ossuary
  6825 | D:6      | Reached skill level 11 in Unarmed Combat
  7015 | D:6      | Found a staircase to the Ecumenical Temple.
  7028 | Temple   | Entered the Ecumenical Temple
  7216 | Temple   | Became a worshipper of Warmaster Okawaru
  7265 | D:6      | Found a sparkling altar of Nemelex Xobeh.
  7650 | D:6      | Reached XP level 10. HP: 93/93 MP: 12/12
  7878 | D:6      | Reached skill level 10 in Fighting
  8120 | D:7      | Found a large runed translucent door.
  8120 | D:7      | Found a large runed translucent door.
  8266 | D:7      | Found Xedwiewa's Armour Shop.
  8273 | D:7      | Found Toil's Antique Weapon Shop.
  8382 | D:7      | Found Lueq's Antique Armour Shoppe.
  8394 | D:7      | Found Zimisi's Weapon Shoppe.
  8955 | D:7      | Found a hide-covered altar of Uskayaw.
  9186 | D:8      | Reached skill level 12 in Unarmed Combat
  9499 | D:8      | Found a bloodstained altar of Trog.
  9709 | D:8      | Found Ludysen's Self-Improvement Boutique.
  9720 | D:8      | Reached * piety under Okawaru
  9735 | D:8      | Learned a level 5 spell: Manifold Assault
  9939 | D:8      | Found a staircase to the Lair.
  9970 | D:8      | Found a broken altar of Ashenzari.
 10123 | D:8      | Noticed Maurice
 10134 | D:8      | Killed Maurice
 10665 | D:8      | Identified a scroll of acquirement
 10665 | D:8      | Acquired 1368 gold pieces
 10723 | D:7      | Bought a glowing orb for 312 gold pieces
 10723 | D:7      | Bought a jewelled ring mail for 234 gold pieces
 10723 | D:7      | Identified the +1 ring mail of Cupagub {rC++ Str-3 Int+4
                  | SInv} (You bought it in a shop on level 7 of the Dungeon)
 10781 | D:8      | Bought a manual of Armour for 1120 gold pieces
 11093 | D:9      | Found a staircase to the Orcish Mines.
 11111 | D:9      | Noticed a torpor snail
 11113 | D:9      | Found a snail-covered altar of Cheibriados.
 11113 | D:9      | Noticed a torpor snail
 11115 | D:9      | Noticed a torpor snail
 11148 | D:9      | Reached ** piety under Okawaru
 11839 | D:9      | Identified the +7 rapier of Quvvonni {holy, rPois Will+}
 12294 | D:10     | Entered Level 10 of the Dungeon
 12465 | Lair:1   | Entered Level 1 of the Lair of Beasts
 12524 | Lair:1   | Reached skill level 13 in Unarmed Combat
 12598 | Lair:1   | Reached XP level 11. HP: 84/104 MP: 10/13
 12783 | Lair:1   | Noticed a catoblepas
 12802 | Lair:1   | Killed a catoblepas
 12802 | Lair:1   | Reached *** piety under Okawaru
 13384 | Lair:2   | Reached **** piety under Okawaru
 13426 | Lair:2   | Noticed an eight-headed hydra
 13694 | Lair:2   | Killed an eight-headed hydra
 13695 | Lair:2   | Reached skill level 14 in Unarmed Combat
 14090 | Lair:2   | Noticed a death yak
 14090 | Lair:2   | Noticed a death yak
 14091 | Lair:2   | Noticed a death yak
 14094 | Lair:2   | Noticed a death yak
 14106 | Lair:2   | Noticed a death yak
 14122 | Lair:2   | Killed a death yak
 14127 | Lair:2   | Killed a death yak
 14132 | Lair:2   | HP: 1/107 [death yak (16)]
 14135 | Lair:2   | Mangled by a death yak

Illustrated notes

Levels and vault maps discovered:
D:1:      wander_arrival_estate, layout_rooms, shapermc_ecumenical_altar_gd
D:2:      minmay_kobold_bridge, layout_loops_ring, pf_guarded_unrand_woodcutter
D:3:      layout_basic, mainiacjoe_overflow_paths, uniq_robin
D:4:      layout_loops_ring, solitary_fountain, st_stairs_10,
          mrwooster_statue_mirror, dk_noncrumbling_4, serial_bayou_ford_a
D:5:      layout_basic, serial_glass, glass_columns_b, glass_columns_b,
          eino_small_chamber_without_monster
D:6:      layout_basic, nemelex_altar_shiori, minmay_temple_entry_junction_2,
          nicolae_ossuary_entry_catacombs, gup_sewer_entry_pipe,
          minmay_stone_trees_small
D:7:      layout_loops_ring, jmf_multi_god_temple2, serial_shops, shop,
          nicolae_square_shop, nicolae_shop_behind_doors,
          nicolae_shop_bloodbath_and_beyond, kennysheep_path_1
D:8:      layout_basic, general_overflow_altar, trog_hazing_becter,
          lair_entry_dummy, nicolae_shop_self_help, uniq_maurice
D:9:      layout_irregular_city, cheibriados_altar_2, orc_0_dummy,
          serial_co_window_serial, co_window_paths_a, co_window_paths_b,
          co_window_corner_a, co_window_corner_a, co_window_corner_a,
          co_window_paths_a, co_window_broadway_b, co_window_corner_b,
          co_window_corner_b, co_window_of_opportunity_c, co_window_corner_b,
          co_window_broadway_a, co_window_broadway_b, co_window_4corner_a,
          glass_columns_b, glass_columns_b, glass_columns_a, glass_columns_a,
          evilmike_butchery
D:10:     layout_basic, uniq_erolcha
Temple:   regret_index_temple_generic_petals
Lair:1:   layout_gridlike, grunt_forest_stairs_basic, grunt_megastairs_3
Lair:2:   beast_lair_carwin_large_3, layout_small_grid,
          skrybe_swamp_entry_bodies

Skill      XL: |  1  2  3  4  5  6  7  8  9 10 11 |
---------------+----------------------------------+-----
Spellcasting   | 2 |  2.2
Translocations | 3 |  3.2
Unarmed Combat | 3 4 5 6 8 9 11 13 14 | 14.4
Fighting       | 3 5 7 9 12 13 | 13.3
Throwing       | |  0.8
Armour         | |  0.8
Dodging        | |  1.7

Action                   |  1- 3 |  4- 6 |  7- 9 | 10-12 || total
-------------------------+-------+-------+-------+-------++-------
Melee: Unarmed           |    87 |    91 |       |    43 ||   221
       Punch             |     3 |     4 |     7 |    23 ||    37
       War axe           |       |    52 |   251 |   229 ||   532
 Cast: Blink             |       |       |       |     2 ||     2
Invok: Finesse           |       |       |       |     1 ||     1
Evoke: Wand              |       |       |     1 |     2 ||     3
  Use: Scroll            |       |       |     1 |    17 ||    18
Armor: Leather armour    |    39 |       |       |       ||    39
       Ring mail         |     3 |    47 |       |    82 ||   132
       Scale mail        |       |     9 |    77 |    39 ||   125
Dodge: Dodged            |    64 |    77 |    79 |   125 ||   345
